Map: Magannatha LE

Players

ManlyManMeat

  • Race: Zerg Zerg
  • League: Diamond
  • Spawn Location: 11:00

VOD

Have the link to the VOD?

Description

Time

  • Played on: July 12, 2025, 2:08 p.m.
  • Length: 13:38
Show
View Real Time Build Order
Export as new Build Order

ManlyManMeat Zerg 

Build Orders:  

Get SALT Encoding   

  12  0:25  Spawning Pool  
  11  0:31  Drone  
  11  0:38  Drone  
  13  0:43  Drone  
  14  1:05  Overlord  
  14  1:28  Hatchery  
  13  1:33  Drone  
  13  1:39  Drone  
  15  1:43  Drone  
  16  2:08  Drone x2  
  18  2:14  Extractor  
  18  2:18  Drone  
  18  2:42  Drone  
  19  3:25  Queen x2  
  19  3:28  Drone x3  
  19  3:29  Drone  
  27  3:30  Overlord  
  27  3:44  Zergling x2  
  28  4:29  Metabolic Boost  
  28  4:30  Zergling x4  
  28  4:31  Zergling x4  
  28  4:37  Drone  
  28  4:38  Roach Warren  
  32  4:40  Drone  
  32  4:47  Queen  
  32  4:48  Overlord x2  
  35  4:59  Queen  
  30  5:24  Zergling x2  
  30  5:25  Zergling x6  
  23  5:54  Zergling x2  
  23  5:55  Zergling x6  
  24  6:01  Drone x2  
  23  6:25  Drone  
  24  6:33  Queen  
  24  6:34  Queen  
  24  6:36  Drone x2  
  30  10:17  Overlord x2  
  30  10:18  Overlord x4  
  30  10:19  Overlord  
  30  10:21  Drone x5  
  30  10:22  Drone x2  
  30  10:23  Drone x2  
  30  10:24  Drone  
  30  10:27  Extractor  
  30  10:28  Drone x3  
  30  10:29  Drone, Extractor  
  42  10:30  Drone x2  
  43  11:12  Burrow  
  43  11:34  Lair  
  43  11:48  Zergling x20  
  43  11:49  Zergling x4  
  54  12:21  Evolution Chamber  
  54  12:23  Evolution Chamber  
  54  12:25  Hatchery  
  51  13:04  Unknown  
  45  13:14  Zergling x2  
Tags
 
League
Diamond
Matchup
Co-op
Replay Pack
Myownreplay2
Add a new tag
Caveats
  • Supply blocks, unpowered buildings, or Contaminate may cause inaccurate times.
  • Supply counts are checked every 10 seconds.